 Dungeon Crawl Stone Soup version 0.14-a0-1444-g21dc12d (webtiles) character file.

205 PolkaDot the Cutter (level 4, -4/34 HPs)
             Began as a Vampire Gladiator on Dec 13, 2013.
             Was an Initiate of Makhleb.
             Killed from afar by Piginabag's ghost (6 damage)
             ... with a magic dart
             ... on Level 3 of the Dungeon on Dec 14, 2013.
             The game lasted 00:07:57 (1349 turns).

PolkaDot the Cutter (Vampire Gladiator)             Turns: 1349, Time: 00:07:57

HP  -4/34        AC  4     Str 14      XL: 4   Next: 64%
MP   4/4         EV 13     Int 10      God: Makhleb [......]
Gold 93          SH  0     Dex 15      Spells:  0 memorised,  3 levels left

rFire  . . .     SeeInvis +     a - +0 short sword
rCold  . . .     Clarity  .     h - +0 leather armour
rNeg   . . .     Conserve .     (no shield)
rPois  .         rCorr    .     c - +0 helmet
rElec  .         rRot     .     (no cloak)
SustAb . .       Spirit   .     (no gloves)
rMut   .         Warding  .     (no boots)
Saprov . . .     Stasis   .     (no amulet)
                                (no ring)
                                (no ring)

@: regenerating quickly, slightly resistant to hostile enchantments, unstealthy
A: fangs 3, see invisible, unbreathing
a: Renounce Religion


You were on level 3 of the Dungeon.
You worshipped Makhleb.
Makhleb was noncommittal.
You were full.

You visited 1 branch of the dungeon, and saw 3 of its levels.

You collected 93 gold pieces.

Inventory:

Hand weapons
 a - a +0,+0 short sword (weapon)
 b - a +0,+2 dagger of draining
Missiles
 f - a throwing net [torn] (quivered)
 j - a throwing net [torn]
Armour
 c - a +0 helmet (worn)
 h - a +0 leather armour (worn)
Scrolls
 e - 6 scrolls of identify {unknown}
 g - a scroll of curse jewellery {unknown}
 i - 2 scrolls of amnesia {unknown}
 k - a scroll of remove curse {unknown}
 l - 2 scrolls of magic mapping {unknown}
 m - a scroll of enchant weapon II {unknown}
 o - a scroll of noise {unknown}
 p - a scroll of enchant armour {unknown}
Jewellery
 n - an uncursed amulet of conservation {unknown}


   Skills:
 + Level 2.7 Fighting
 * Level 4.7 Short Blades
 - Level 1.5 Throwing
 + Level 4.1 Dodging


You had 3 spell levels left.
You didn't know any spells.

Dungeon Overview and Level Annotations

Branches:
Dungeon (3/16)

Altars:
Makhleb

Annotations:
D:3 Piginabag's ghost, average OpWz


Innate Abilities, Weirdness & Mutations

Your natural rate of healing is unusually fast.
You have razor-sharp teeth.*
You have supernaturally acute eyesight.
You can survive without breathing.*


Message History

You hit Piginabag's ghost.
Piginabag's ghost is severely damaged.
You miss Piginabag's ghost.
Piginabag's ghost is severely damaged.
Piginabag's ghost hits you.
* * * LOW HITPOINT WARNING * * *
You barely miss Piginabag's ghost. Your bite misses Piginabag's ghost.
Piginabag's ghost is severely damaged.
Piginabag's ghost hits you.
* * * LOW HITPOINT WARNING * * *
Piginabag's ghost casts a spell.
Piginabag's ghost blinks!
Piginabag's ghost points at you and mumbles some strange words.
The ball explodes into a vile cloud!
The stinking cloud engulfs you! Piginabag's ghost casts a spell at you.
The magic dart hits you!
* * * LOW HITPOINT WARNING * * *
Piginabag's ghost casts a spell at you. The magic dart hits you!
You die...

#.# #.# #p# #..# #ยง#
#..# #.# #..# #.# #..#
#.# . #..#########.#
.. #..##......@.#
#.###..##........###
##>...................
...........)......####
##.###..##........#
##.# #..##........#
...###..##........#
........##........#
...###.###########


You could see Piginabag's ghost.

Vanquished Creatures
  An orc wizard (D:3)
  4 gnolls (D:2)
  2 adders
  A giant gecko (D:1)
  4 goblins
  6 hobgoblins
  4 kobolds
  A quokka (D:2)
  3 bats (D:2)
  5 giant newts (D:1)
  4 jackals (D:1)
  6 rats
41 creatures vanquished.

Notes
Turn   | Place    | Note
--------------------------------------------------------------
     0 | D:1      | PolkaDot, the Vampire Gladiator, began the quest for the Orb.
     0 | D:1      | Reached XP level 1. HP: 16/16 MP: 1/1
   108 | D:1      | Reached XP level 2. HP: 13/22 MP: 2/2
   551 | D:2      | Reached skill level 4 in Short Blades
   551 | D:2      | Reached XP level 3. HP: 12/27 MP: 3/3
   563 | D:2      | HP: 1/27 [poisoned by a goblin]
   575 | D:2      | HP: 1/27 [poisoned by a goblin]
   743 | D:2      | HP: 1/28 [poisoned by a gnoll]
   900 | D:2      | Found a burning altar of Makhleb.
   923 | D:2      | Became a worshipper of Makhleb the Destroyer
   948 | D:2      | Reached XP level 4. HP: 32/34 MP: 4/4
  1319 | D:3      | Noticed Piginabag's ghost (average OpWz)
  1349 | D:3      | Killed from afar by Piginabag's ghost

Action                   |  1- 3 |  4- 6 || total
-------------------------+-------+-------++-------
Melee: Short sword       |    68 |    59 ||   127
       Dagger            |    36 |       ||    36
Throw: Throwing net      |     6 |     1 ||     7
  Use: Potion            |     4 |     1 ||     5
